 Dungeon Crawl Stone Soup version 0.31-a0-662-g684573625c (webtiles) character file.

Game seed: 2543175320003548604

97 ytrimaz the Insei (level 4, 0/28 HPs)
             Began as an Octopode Shapeshifter on Aug 31, 2023.
             Killed by divine providence
             ... invoked by an orc priest
              (11 damage)
             ... on level 3 of the Dungeon.
             The game lasted 00:01:42 (2017 turns).

ytrimaz the Insei (Octopode Shapeshifter)           Turns: 2017, Time: 00:01:42

Health: 0/28       AC:  1    Str: 13    XL:     4   Next: 68%
Magic:  4/4        EV: 13    Int: 12    God:
Gold:   148        SH:  0    Dex: 13    Spells: 3/3 levels left

rFire   . .          .
                       - Unarmed
rCold   . . .        (no shield)
rNeg    . . .        (helmet currently unavailable)
rPois   .            (no amulet)
rElec   .            (no ring)
rCorr   .            (no ring)
SInv    .            (no ring)
Will    .....        (no ring)
Stlth   ++           (no ring)
HPRegen 0.24/turn    (no ring)
MPRegen 0.09/turn    (no ring)
                     (no ring)

%: no passive effects
@: beast-form
A: beast (slay +2), almost no armour, amphibious, 8 rings, camouflage 1,
gelatinous body 1, (nimble swimmer 1), tentacles
a: Begin Untransformation


You were on level 3 of the Dungeon.
You were a hulking beast.
You visited 1 branch of the dungeon, and saw 3 of its levels.

You collected 148 gold pieces.


Innate Abilities, Weirdness & Mutations

You are a hulking beast.
Your limbs bulge with bestial killing power. (Slay +2)
You cannot wear most types of armour.
You are amphibious.
You can wear up to eight rings at the same time.
Your skin changes colour to match your surroundings (Stealth+).
Your rubbery body absorbs attacks. (AC +1, EV +1)
((You are camouflaged when in or above water. (Stealth+)))
You have tentacles for arms and can constrict up to eight enemies at once.


   Skills:
 - Level 1.0 Fighting
 - Level 2.0 Dodging
 + Level 4.3 Unarmed Combat
 + Level 4.1 Shapeshifting


You had 3 spell levels left.
You didn't know any spells.
Your spell library contained the following spells:

 Spells                   Type           Power      Damage    Failure   Level
 Magic Dart               Conj           0%         1d3       32%         1
 Searing Ray              Conj           0%         2d4       45%         2
 Fulminant Prism          Conj/Hex       0%         3d5       97%         4

Inventory:

Talismans
 b - a beast talisman (active)
 c - a flux talisman
Wands
 m - a wand of roots (10)
   (You found it on level 3 of the Dungeon)
Scrolls
 d - a scroll of teleportation {unknown}
 f - a scroll of identify {unknown}
 j - 2 scrolls of blinking {unknown}
 k - a scroll of fear {unknown}
 l - a scroll of poison {unknown}
Potions
 a - a potion of lignification
 e - 2 potions of might {unknown}
 g - 4 potions of heal wounds {unknown}
 h - a potion of haste {unknown}
 i - a potion of curing {unknown}

Dungeon Overview and Level Annotations

Branches:
Dungeon (3/15) Zot: 15989

Altars:

Shops:
D:2

[ ....#.. #....#
..... #....#######
..... #...........
.....###...........
.......#...........
.......#...........
.......###.........
......o)...........
.......h...........
##.###.............
###..........
...........
....#.......
.....########
######


You could see an orc priest.


Message History

You kill the kobold!
Things that are here:
a +0 whip; a kobold corpse Unknown command.
The giant cockroach bites you. 😕 HP[-1]
You take 1 damage, and now have 22/28 hp.
You bludgeon the giant cockroach!
You kill the giant cockroach! 😕 HP[+1] No target in view!
No target in view!
Unknown command.
A goblin comes into view. It is wielding a +0 dagger. 😎 HP[+5]
Your hp is fully restored (28).
A goblin is nearby!
A goblin is nearby!
The goblin shouts!
A goblin comes into view. It is wielding a +0 dagger.
The goblin shouts!
The goblin barely misses you.
You tentacle-slap the goblin. You grab the goblin. You squeeze the goblin.
You kill the goblin!
An endoplasm comes into view.
Things that are here:
a +0 dagger; a goblin corpse Unknown command.
You tentacle-slap the goblin. You grab the goblin. You squeeze the goblin.
You kill the goblin!
The endoplasm barely misses you.
Things that are here:
a +0 dagger; a goblin corpse You tentacle-slap the endoplasm.
You squeeze the endoplasm.
You kill the endoplasm!
No target in view!
Unknown command.
Key pressed, stopping explore.
You now have 139 gold pieces (gained 12).
You see here a +0 cloak.
Found a stone staircase leading down.
You now have 148 gold pieces (gained 9).
Key pressed, stopping explore.
No target in view!
m - a wand of roots (10) No target in view!
Key pressed, stopping explore.
No target in view!
Key pressed, stopping explore.
No target in view!
Key pressed, stopping explore.
No target in view!
No target in view! 3 orcs come into view.
An orc comes into view. It is wielding a +0 club.
There are monsters nearby!
An orc priest comes into view. It is wielding a +0 hand axe.
The orc shouts! x3
There are monsters nearby!
The orc shouts!
The orc priest shouts!
You bludgeon the orc!
You kill the orc!
You tentacle-slap the orc but do no damage.
You grab the orc.
You constrict the orc, but do no damage.
The orc hits you with a +0 club. 😕 HP[-3]
You take 3 damage, and now have 25/28 hp.
You tentacle-slap the orc but do no damage.
You tentacle-slap the orc. You constrict the orc. You tentacle-slap the orc.
You kill the orc!
The orc hits you with a +0 club. 😕 HP[-1]
You take 1 damage, and now have 24/28 hp.
Unknown command.
You tentacle-slap the orc. You grab the orc. You squeeze the orc.
You kill the orc!
The orc closely misses you.
You tentacle-slap the orc. You grab the orc. You squeeze the orc.
You kill the orc!
The orc priest invokes the aid of Beogh against you.
Beogh smites you!
* * * LOW HITPOINT WARNING * * *
Things that are here:
a +0 club; a +0 ring mail; an orc corpse 😨 HP[-11]
You take 11 damage, and now have 13/28 hp.
MASSIVE DAMAGE!! (PAUSE)
You barely miss the orc priest. Your grab misses the orc priest.
The orc priest hits you with a +0 hand axe.
* * * LOW HITPOINT WARNING * * *
😨 HP[-3]
You take 3 damage, and now have 10/28 hp.
You tentacle-slap the orc priest. You grab the orc priest.
You tentacle-slap the orc priest.
You constrict the orc priest, but do no damage.
The orc priest invokes the aid of Beogh against you.
Beogh smites you!
You die...

Skill      XL: |  1  2  3  4 |
---------------+-------------+-----
Unarmed Combat | 4 |  4.3
Shapeshifting  | 4 |  4.1
Fighting       | |  1.0
Dodging        | |  2.0

Action                     |  1- 3 |  4- 6 || total
---------------------------+-------+-------++-------
  Melee: Unarmed           |    73 |    31 ||   104
         Constrict         |    18 |    10 ||    28
         Tentacles         |     8 |     9 ||    17
         Punch             |     2 |     2 ||     4
    Use: Potion            |     1 |       ||     1
   Stab: Sleeping          |     4 |     4 ||     8
 Armour: Skin              |    33 |     6 ||    39
  Dodge: Dodged            |    34 |    13 ||    47

Levels and vault maps discovered:
D:1:      sevenhm_arrival_forest_fort_large_1, layout_basic,
          hellmonk_ecumenical_altar_watching_god
D:2:      layout_loops_ring, serial_shops, nicolae_diamond_shop, st_stairs_13,
          uniq_robin
D:3:      layout_basic

Notes
Turn   | Place    | Note
-------+----------+-------------------------------------------
     0 | D:1      | ytrimaz the Octopode Shapeshifter began the quest for the
                  | Orb.
     0 | D:1      | Reached XP level 1. HP: 13/13 MP: 1/1
     0 | D:1      | magus.rc [v1.9.6]
   267 | D:1      | Noticed a shining eye
   269 | D:1      | Found a faded altar of an unknown god.
   271 | D:1      | Noticed an eye of devastation
   271 | D:1      | Noticed a great orb of eyes
   271 | D:1      | Noticed a golden eye
   279 | D:1      | Reached XP level 2. HP: 18/18 MP: 2/2
   316 | D:1      | You pick up a book of Conjurations and begin reading...
   316 | D:1      | You add the spells Magic Dart, Searing Ray and Fulminant
                  | Prism to your library.
  1038 | D:2      | Reached XP level 3. HP: 8/23 MP: 3/3
  1047 | D:2      | Noticed Robin
  1049 | D:2      | HP: 4/23 [goblin/+0 dagger[Robin] (5)]
  1057 | D:2      | HP: 6/34 [Robin/+0 short sword (1)]
  1059 | D:2      | Killed Robin
  1273 | D:2      | Reached skill level 4 in Unarmed Combat
  1273 | D:2      | Reached XP level 4. HP: 18/28 MP: 4/4
  1690 | D:2      | Reached skill level 4 in Shapeshifting
  1810 | D:2      | Found Purghoaf's Antique Armour Emporium.
  2017 | D:3      | Killed from afar by an orc priest

Vanquished Creatures
  Robin (D:2)
  2 adders (D:2)
  A worm (D:2)
  4 orcs (D:3)
  5 bats
  4 endoplasms
  3 giant cockroaches
  9 hobgoblins
  3 jackals (D:1)
  2 quokkas (D:2)
  A ball python (D:1)
  2 frilled lizards
  9 goblins
  4 kobolds
  5 rats
55 creatures vanquished.

Table legend:
 A = Non-vault XP
 B = Vault XP
 C = Vault XP percentage of total XP
 D = Non-vault monster count
 E = Vault monster count
 F = Vault count percentage of total count
                 A         B        C        D         E       F
            +---------+---------+-------+---------+---------+-------
      Total |      97 |      42 |  30.2 |      40 |      15 |  27.3
            +---------+---------+-------+---------+---------+-------
        D:1 |      26 |       2 |   7.1 |      16 |       2 |  11.1
        D:2 |      47 |      40 |  46.0 |      14 |      13 |  48.1
        D:3 |      24 |       0 |   0.0 |      10 |       0 |   0.0
            +---------+---------+-------+---------+---------+-------

Skill      XL: |  1  2  3  4 |
---------------+-------------+-----
Unarmed Combat | 4 |  4.3
Shapeshifting  | 4 |  4.1
Fighting       | |  1.0
Dodging        | |  2.0

Action                     |  1- 3 |  4- 6 || total
---------------------------+-------+-------++-------
  Melee: Unarmed           |    73 |    31 ||   104
         Constrict         |    18 |    10 ||    28
         Tentacles         |     8 |     9 ||    17
         Punch             |     2 |     2 ||     4
    Use: Potion            |     1 |       ||     1
   Stab: Sleeping          |     4 |     4 ||     8
 Armour: Skin              |    33 |     6 ||    39
  Dodge: Dodged            |    34 |    13 ||    47

Illustrated notes

Table legend:
 A = Kills in this place as a percentage of kills in the entire game.
 B = Kills by you in this place as a percentage of kills by you in the entire game.
 C = Kills by friends in this place as a percentage of kills by friends in the entire game.
 D = Other kills in this place as a percentage of other kills in the entire game.
 E = Experience gained in this place as a percentage of experience gained in the entire game.
 F = Experience gained in this place divided by the number of levels of this place that you have seen.
                   A       B       C       D       E      F
               +-------+-------+-------+-------+-------+----------------------
         Total | 100.0 | 100.0 |   N/A |   N/A | 100.0 |  46.3
       Dungeon | 100.0 | 100.0 |   N/A |   N/A | 100.0 |  46.3
               +-------+-------+-------+-------+-------+----------------------

Table legend: (Time is in decaauts)
 A = Elapsed time spent in this place.
 B = Non-inter-level travel time spent in this place.
 C = Inter-level travel time spent in this place.
 D = Time resting spent in this place.
 E = Time spent auto-exploring this place.
 F = Levels seen in this place.
 G = Mean time per level.
                   A        B        C        D        E       F      G
               +--------+--------+--------+--------+--------+-----+--------+
         Total |   2009 |   1960 |     49 |      0 |   1661 |   3 |  669.7 |
       Dungeon |   2009 |   1960 |     49 |      0 |   1661 |   3 |  669.7 |
               +--------+--------+--------+--------+--------+-----+--------+

Top non-repeatable levels by time:
     D:1: 1013 daAuts
     D:2: 843 daAuts
     D:3: 152 daAuts
